 Dungeon Crawl Stone Soup version 0.27-a0-1296-g8ece459b43 (webtiles) character file.

Game seed: 18236777253247669075

235 Froggeryz the Sneak (level 6, -2/51 HPs)
             Began as a Ghoul Delver on June 16, 2021.
             Slain by an orc (3 damage)
             ... on level 3 of the Dungeon.
             The game lasted 00:03:28 (3001 turns).

Froggeryz the Sneak (Ghoul Delver)                  Turns: 3001, Time: 00:03:29

Health: -2/51      AC:  3    Str: 18    XL:     6   Next: 5%
Magic:  5/5        EV: 11    Int:  5    God:
Gold:   137        SH:  0    Dex: 10    Spells: 5/5 levels left

rFire    . . .     SeeInvis .     - Unarmed
rCold    + . .     Faith    .   (no shield)
rNeg     + + +     Spirit   .   a - +0 leather armour
rPois    ∞         Reflect  .   (no helmet)
rElec    .         Harm     .   (no cloak)
rCorr    .         Rampage  .   (no gloves)
Will     .....                  (no boots)
Stlth    +++.......             w - amulet of the acrobat
HPRegen  0.00/turn              n - ring of flight
MPRegen  0.09/turn              (no ring)

@: mighty, flying
A: claws 1, cold resistance 1, negative energy resistance 3, inhibited
regeneration, torment resistance 2
a: no special abilities


You were on level 3 of the Dungeon.
You visited 1 branch of the dungeon, and saw 5 of its levels.

You collected 137 gold pieces.

Inventory:

Armour
 a - a +0 leather armour (worn)
 o - a +0 buckler
Jewellery
 n - a ring of flight (left claw)
 w - an amulet of the acrobat (around neck)
Wands
 f - a wand of digging (3)
 g - a wand of acid (5)
Scrolls
 b - a scroll of fog
 c - a scroll of magic mapping
 d - a scroll of fear
 h - a scroll of vulnerability {unknown}
 i - 4 scrolls of teleportation {unknown}
 l - 3 scrolls of identify {unknown}
 s - 2 scrolls of immolation {unknown}
 v - a scroll of enchant armour {unknown}
Potions
 e - 4 potions of haste
 j - a potion of cancellation {unknown}
 k - a potion of might
 m - a potion of mutation {unknown}
 p - a potion of attraction {unknown}
 r - a potion of invisibility {unknown}
 t - a potion of resistance {unknown}
 u - a potion of lignification {unknown}


   Skills:
 - Level 3.2 Fighting
 - Level 2.2 Armour
 - Level 1.7 Dodging
 - Level 5.4 Stealth
 + Level 1.6 Shields
 * Level 5.4 Unarmed Combat


You had 5 spell levels left.
You didn't know any spells.
Your spell library contained the following spells:

 Spells                   Type           Power      Damage    Failure   Level
 Animate Skeleton         Necr           0%         N/A       54%         1
 Apportation              Tloc           0%         N/A       54%         1
 Corona                   Hex            0%         N/A       54%         1
 Summon Small Mammal      Summ           0%         N/A       54%         1


Dungeon Overview and Level Annotations

Branches:
Dungeon (5/15)
 Temple: D:4-7

Altars:
Elyvilon

Annotations:
D:5 3 runed translucent doors, katzbalger's ghost, weakling DEDe


Innate Abilities, Weirdness & Mutations

You thrive by killing the living.
You are immune to poison.
You have sharp fingernails.
Your flesh is cold resistant. (rC+)
You are immune to negative energy. (rN+++)
You do not regenerate when monsters are visible.
You are immune to unholy pain and torment.


Message History

You scratch the orc.
The orc is heavily wounded.
The orc barely misses you. Something hits you.
You miss something. The orc hits you with a +0 dagger.
* * * LOW HITPOINT WARNING * * *
Something hits you.
* * * LOW HITPOINT WARNING * * *
You bump into the rock wall.
The orc hits you but does no damage. Something hits you.
* * * LOW HITPOINT WARNING * * *
You bump into the rock wall.
The orc hits you with a +0 dagger.
* * * LOW HITPOINT WARNING * * *
Something hits you but does no damage.
It was a potion of might.
You feel very mighty all of a sudden. The orc hits you with a +0 dagger.
* * * LOW HITPOINT WARNING * * *
Something hits you.
* * * LOW HITPOINT WARNING * * *
It was a potion of curing.
You feel better. The orc hits you with a +0 dagger.
* * * LOW HITPOINT WARNING * * *
Something hits you.
* * * LOW HITPOINT WARNING * * *
You barely miss something. The orc barely misses you.
You feel better. Something hits you but does no damage.
The orc completely misses you.
You closely miss something. Something hits you.
* * * LOW HITPOINT WARNING * * *
You closely miss something. The orc closely misses you. Something hits you.
* * * LOW HITPOINT WARNING * * *
You miss something. The orc barely misses you.
Something hits you but does no damage.
You claw something! The orc hits you with a +0 dagger.
* * * LOW HITPOINT WARNING * * *
You hear some strange, mumbled words.
A magic dart appears from out of thin air!
The magic dart hits you.
* * * LOW HITPOINT WARNING * * *
You miss something. The orc hits you with a +0 dagger.
You die...

#.# #.# #.# #.#
#.# #.#
.#########o#
........##@#
.........{)#
######.#### #.#
#.# ## #.# .#
#.# .# #.#
.############.#


You could see an orc.

Vanquished Creatures
  A centaur zombie (D:5)
  A jelly (D:5)
  An orc priest (D:3)
  A bullfrog skeleton (D:5)
  3 adders
  2 worms (D:2)
  3 dart slugs
  5 orcs
  4 ball pythons
  3 endoplasms
  3 giant cockroaches
  4 goblins (D:1)
  8 hobgoblins
  12 jackals
  2 quokkas
  4 bats
  5 frilled lizards
  7 kobolds
  6 rats
75 creatures vanquished.

Notes
Turn   | Place    | Note
-------+----------+-------------------------------------------
     0 | D:5      | Froggeryz the Ghoul Delver began the quest for the Orb.
     0 | D:5      | Reached XP level 1. HP: 19/19 MP: 0/0
    52 | D:5      | Reached skill level 1 in Armour
    52 | D:5      | Reached XP level 2. HP: 18/26 MP: 1/1
    52 | D:5      | Reached XP level 3. HP: 22/31 MP: 2/2
   215 | D:5      | Found a runed translucent gate.
   215 | D:5      | Found a runed translucent gate.
   215 | D:5      | Found a runed translucent gate.
   216 | D:5      | Noticed katzbalger's ghost (weakling DEDe)
   236 | D:5      | Reached XP level 4. HP: 26/38 MP: 3/3
   362 | D:5      | Noticed a scorpion
   817 | D:4      | Noticed a bullfrog
  1312 | D:1      | Reached XP level 5. HP: 45/45 MP: 4/4
  1788 | D:2      | Reached skill level 1 in Shields
  1892 | D:2      | Found a faded altar of an unknown god.
  2207 | D:2      | Reached skill level 5 in Unarmed Combat
  2974 | D:3      | Reached XP level 6. HP: 43/51 MP: 5/5
  3000 | D:3      | HP: 1/51 [something/magic dart (5)]
  3001 | D:3      | Slain by an orc

Illustrated notes

Levels and vault maps discovered:
D:1:      minmay_arrival_four_circles, layout_rooms
D:2:      layout_loops_corners, ebering_ecumenical_altar_box
D:3:      layout_loops_ring
D:4:      layout_rooms
D:5:      layout_basic, nicolae_overflow_crystal_walls,
          ebering_ghost_rock_garden, grunt_decor_fettered

Skill      XL: |  1  2  3  4  5 |
---------------+----------------+-----
Armour         | 1 2 |  2.2
Unarmed Combat | 3 4 5 |  5.4
Shields        | 1 |  1.6
Fighting       | |  3.2
Dodging        | |  1.7
Stealth        | |  5.4

Action                   |  1- 3 |  4- 6 || total
-------------------------+-------+-------++-------
Melee: Unarmed           |    12 |   254 ||   266
       Punch             |     1 |     5 ||     6
  Use: Potion            |       |     3 ||     3
 Stab: Distracted        |     1 |       ||     1
       Sleeping          |       |    14 ||    14
Armor: Leather armour    |     9 |    77 ||    86
Dodge: Dodged            |     4 |   161 ||   165

Table legend: (Time is in decaauts)
 A = Elapsed time spent in this place.
 B = Non-inter-level travel time spent in this place.
 C = Inter-level travel time spent in this place.
 D = Time resting spent in this place.
 E = Time spent auto-exploring this place.
 F = Levels seen in this place.
 G = Mean time per level.
                   A        B        C        D        E       F      G
               +--------+--------+--------+--------+--------+-----+--------+
         Total |   2978 |   2927 |     51 |    455 |   1764 |   5 |  595.6 |
       Dungeon |   2978 |   2927 |     51 |    455 |   1764 |   5 |  595.6 |
               +--------+--------+--------+--------+--------+-----+--------+

Top non-repeatable levels by time:
     D:2: 1171 daAuts
     D:5: 782 daAuts
     D:1: 592 daAuts
     D:3: 341 daAuts
     D:4: 91 daAuts
